 Dungeon Crawl Stone Soup version 0.30-b1-2-g02819fbbbe (webtiles) character file.

Game seed: 12857013627550142572

434968 LLlMATKO the Impregnable (level 22, -10/333 HPs)
             Began as a Minotaur Berserker on Nov 7, 2023.
             Was the Champion of Trog.
             Shot with a bolt by a yaktaur captain (25 damage)
             ... on level 5 of the Vaults.
             The game lasted 01:24:33 (54704 turns).

LLlMATKO the Impregnable (Minotaur Berserker)      Turns: 54704, Time: 01:24:34

Health: -10/333    AC: 26    Str: 38    XL:     22   Next: 91%
Magic:  0/21       EV: 16    Int: 14    God:    Trog [******]
Gold:   2420       SH: 24    Dex: 11    Spells: 21/21 levels left

rFire   x . .        s - +6 broad axe (heavy)
rCold   + . .        h - +7 tower shield of Intercession {Str+2}
rNeg    . . .        w - +2 plate armour {Will+}
rPois   +            e - +2 hat
rElec   .            U - +0 cloak {Stlth+}
rCorr   .            n - +0 pair of gloves {Str+3}
SInv    +            W - +2 pair of boots {rampage}
Will    +++..        P - amulet "Plog" {Spirit rC+ Will+ Int+6 Dex-2} Stlth
                     k - ring of flight
HPRegen 0.75/turn    y - ring of Hungud {rPois Str+3 Int+6 SInv}
MPRegen 0.17/turn

%: guardian spirit, rampage
@: berserking, corroded, flying, very quick
A: horns 2, retaliatory headbutt, dopey 1, heat vulnerability 1
}: 2/15 runes: serpentine, barnacled
a: Renounce Religion, Berserk, Trog's Hand, Brothers in Arms


You were on level 5 of the Vaults.
You worshipped Trog.
Trog was exalted by your worship.
You visited 8 branches of the dungeon, and saw 39 of its levels.
You visited the Abyss 1 time.
You visited 1 bazaar.
You also visited: Bailey and Gauntlet.

You collected 4473 gold pieces.
You spent 2053 gold pieces at shops.

Inventory:

Hand Weapons
 s - a +6 heavy broad axe (weapon)
 z - the +16 obsidian axe {drain, demonic, Mesm Drain Fly SInv}
   (You found it on level 1 of the Shoals)

   Mesm:      Its wielder is mesmerised by any visible foes, and it cannot be
   unequipped while any foes are visible.
   SInv:      It lets you see invisible.
   Fly:       It grants you flight.
   Drain:     It drains your maximum health when unequipped.
Missiles
 m - 48 poisoned darts (quivered)
 C - 2 throwing nets
 S - 19 javelins
Armour
 e - a +2 hat (worn)
 h - the +7 tower shield of Intercession (worn) {Str+2}
   (You found it on level 3 of the Elven Halls)

   Str:       It affects your strength (+2).
 n - a +0 pair of gloves of strength (worn)
 w - a +2 plate armour of willpower (worn)
 x - a +0 kite shield of reflection
 U - a +0 cloak of stealth (worn)
 W - a +2 pair of boots of rampaging (worn)
Jewellery
 k - a ring of flight (left hand)
 v - a ring of ice
 y - the ring of Hungud (right hand) {rPois Str+3 Int+6 SInv}
   (You bought it in a shop on level 3 of the Dungeon)

   [ring of intelligence]

   Str:       It affects your strength (+3).
   Int:       It affects your intelligence (+6).
   rPois:     It protects you from poison.
   SInv:      It lets you see invisible.
 B - an amulet of magic regeneration
 K - a ring of protection from cold
 P - the amulet "Plog" (around neck) {Spirit rC+ Will+ Int+6 Dex-2}
   (You took it off a merfolk on level 3 of the Shoals)

   [amulet of guardian spirit]

   It causes incoming damage to be divided between your reserves of health and
   magic.
   Int:       It affects your intelligence (+6).
   Dex:       It affects your dexterity (-2).
   rC:        It protects you from cold.
   Will:      It increases your willpower.
 V - a ring of fire
Wands
 f - a wand of charming (66)
 g - a wand of mindburst (15)
 D - a wand of polymorph (10)
 H - a wand of digging (13)
 J - a wand of flame (66)
 T - a wand of acid (28)
 Y - a wand of iceblast (26)
Scrolls
 d - 30 scrolls of identify
 i - 6 scrolls of noise
 j - a scroll of brand weapon
 q - 10 scrolls of teleportation
 t - 5 scrolls of magic mapping
 A - 6 scrolls of blinking
 E - 3 scrolls of butterflies
 F - 6 scrolls of poison
 G - 11 scrolls of enchant armour
 L - 6 scrolls of fear
 M - 6 scrolls of fog
 N - a scroll of enchant weapon
 O - 5 scrolls of torment
Potions
 a - 9 potions of haste
 b - 10 potions of brilliance
 c - 6 potions of cancellation
 l - 23 potions of curing
 o - 10 potions of might
 p - 5 potions of resistance
 r - 9 potions of invisibility
 u - 5 potions of heal wounds
 I - 4 potions of flight
 Q - 3 potions of magic
 R - a potion of ambrosia


   Skills:
 + Level 24.0 Fighting
 + Level 23.9 Axes
 + Level 25.5 Armour
 + Level 22.0 Dodging
 + Level 14.2 Shields


You had 21 spell levels left.
You didn't know any spells.
Your spell library was empty.

Dungeon Overview and Level Annotations

Branches:
Dungeon (15/15)            Temple (0/1) D:6            Lair (5/5) D:10
 Shoals (4/4) Lair:2        Snake (4/4) Lair:3        Slime (0/5) Lair:4
    Orc (2/2) D:10            Elf (3/3) Orc:2        Vaults (5/5) D:13
  Crypt (0/3) Vaults:3     Depths (1/4) D:15         Bailey (visited)
Gauntlet (visited)

Altars:
Elyvilon
Hepliaklqana
Nemelex Xobeh
Trog
Vehumet
Wu Jian
Zin
Jiyva

Shops:
D:3 =   D:7 =   D:9 *   D:12 :   D:15 [   Orc:1 ?   Orc:2 (?[*   Elf:1 ==:
Elf:2 !   Shoals:3 [   Shoals:4 !   Snake:3 ((:((   Vaults:3 **   Vaults:4 ***(

Portals:
Trove: D:12 (give +4 fire dragon scales)

Annotations:
Vaults:5 Margery


Innate Abilities, Weirdness & Mutations

You have a pair of horns on your head.
You reflexively headbutt those who attack you in melee.
You are dopey. (Int -2)
You are vulnerable to heat. (rF-)


Message History

You closely miss the phantasmal warrior.
You open the phantasmal warrior like a pillowcase!!!
You destroy the phantasmal warrior!
Trog accepts your kill.
You barely miss the tengu reaver simulacrum.
You are engulfed in freezing vapours.
You resist.
* * * LOW HITPOINT WARNING * * *
You hear a shout!
The tengu reaver simulacrum closely misses you.
You furiously retaliate!
You headbutt the tengu reaver simulacrum!
You feel the power of Trog in you as your rage grows.
The tengu reaver simulacrum vaporises!
You block the phantasmal warrior's attack.
Margery hits you but does no damage.
Your Fighting skill increases to level 24!
You slice the dread lich!! Your headbutt misses the dread lich.
The dread lich is moderately damaged.
You barely miss the phantasmal warrior. You slash the vault warden simulacrum!
You slice the vault warden simulacrum!!
The vault warden simulacrum vaporises!
You chop the deep troll into pieces!!!!
You kill the deep troll!
Trog accepts your kill.
A freezing mist starts to gather...
A deep troll simulacrum comes into view.
You hear an angry hiss.
You block the vault warden simulacrum's attack.
Unknown command.
Unknown command.
You closely miss the dread lich.
The dread lich is moderately damaged.
You closely miss the phantasmal warrior.
You chop the vault warden simulacrum into pieces!!!
The vault warden simulacrum vaporises!
The phantasmal warrior hits you but does no damage.
You block Margery's attack. The dread lich closely misses you.
You furiously retaliate!
You headbutt the dread lich!
The yaktaur captain shoots a bolt.
The bolt hits you!!
You die...

.#.##....#.(##
.#.#....#....
.......p...
####........###
........Z......
.......<<......
......W○[@.....
...c..)@L......
####..○○p.C.###
#............
#..#....#C..#
....##....# ...
...# #....# ..
#.. #....# # ##
#....# #....#


You could see Margery, a titan, a dread lich, a stone giant, a vault warden, a
yaktaur captain, a phantasmal warrior, a necromancer and a deep troll
simulacrum.

Vanquished Creatures
  Mara (Shoals:4)
  Boris (thrice) (Vaults:2 Vaults:3 Depths:1)
  Bai Suzhen (Shoals:4)
  Saint Roka (Depths:1)
  Vashnia (Snake:2)
  The ghost of Faydane the Hoplite, a veteran HuFi of the Shining One (Vaults:1)
  A bone dragon (Abyss:3)
  Zenata (Vaults:1)
  Jorgrun (Elf:2)
  A tentacled monstrosity (Vaults:5)
  2 liches
  2 titans
  A deep elf blademaster (Elf:3)
  Polyphemus (Shoals:4)
  Asterion (Vaults:1)
  A deep elf master archer (Elf:3)
  4 sphinxes
  Frances (Shoals:2)
  Agnes (Elf:2)
  4 tengu reavers
  2 storm dragons
  Roxanne (Snake:2)
  Donald (Shoals:1)
  A tentacled starspawn (Abyss:3)
  A draconian knight (Abyss:3)
  2 fire giants (Vaults:1)
  A revenant (Abyss:3)
  A fenstrider witch (Shoals:4)
  4 nagarajas (Snake:4)
  A balrug (Abyss:3)
  Louise (Snake:3)
  11 deep elf sorcerers
  11 vault wardens
  4 orc warlords
  Aizul (Snake:3)
  A deep elf elementalist (Elf:3)
  A war gargoyle (Vaults:5)
  A reaper (Gauntlet)
  4 stone giants
  4 very ugly things
  17 ironbound preservers
  3 ironbound thunderhulks
  3 deep elf demonologists (Elf:3)
  Azrael (D:15)
  8 dire elephants
  4 deep elf annihilators
  A minotaur (Gauntlet)
  3 ettins
  2 merfolk javelineers
  3 deep elf death magi (Elf:3)
  Josephine (Shoals:1)
  A fire dragon (D:15)
  12 merfolk impalers
  7 great orbs of eyes
  6 yaktaur captains
  3 deep elf high priests
  30 vault guards
  An entropy weaver (Vaults:3)
  2 catoblepae
  5 ironbound frosthearts
  14 anacondas
  2 hydras
  6 ogre magi
  8 centaur warriors
  28 dancing weapons
  A merfolk avatar (Shoals:1)
  28 two-headed ogres
  A death knight (Vaults:3)
  2 merfolk aquamancers
  2 tengu warriors (D:14)
  A deep troll shaman (Depths:1)
  11 naga warriors
  6 boulder beetles
  11 death yaks
  A satyr (Shoals:4)
  An orc high priest (Orc:2)
  4 thrashing horrors (Abyss:3)
  A deep troll earth mage (Depths:1)
  A vampire mage (Depths:1)
  10 naga sharpshooters
  5 shock serpents
  A soul eater (Abyss:3)
  25 deep elf knights
  A hell knight (Vaults:5)
  6 skysharks
  A fire crab (Lair:5)
  A skyshark (shapeshifter) (Vaults:5)
  2 salamander mystics
  A wretched star (Abyss:3)
  8 skeletal warriors
  9 sea snakes
  A glowing orange brain (Depths:1)
  40 deep trolls
  2 naga ritualists
  9 ironbound convokers
  9 orc knights
  A tengu zombie (Vaults:3)
  Pikel (D:8)
  30 deep elf pyromancers
  7 wizards
  11 lindwurms
  30 deep elf zephyrmancers
  17 starcursed masses (Abyss:3)
  14 deep elf archers
  A phantasmal warrior (Vaults:5)
  15 harpies
  5 necromancers
  2 mana vipers
  6 fauns
  13 ugly things
  A wolf spider (D:15)
  14 manticores
  A frost giant zombie (Vaults:3)
  5 orc sorcerers
  10 salamanders
  12 cyclopes
  An elephant (shapeshifter) (Vaults:4)
  A moth of wrath (Shoals:3)
  A titan simulacrum (Depths:1)
  25 black mambas
  6 water nymphs
  7 merfolk sirens
  6 guardian serpents (Snake:4)
  6 elephants (Lair:4)
  10 naga magi
  13 vault sentinels
  3 torpor snails
  A black mamba (shapeshifter) (D:15)
  7 cane toads
  2 gargoyles
  A smoke demon (Abyss:3)
  3 unseen horrors (D:11)
  5 large abominations (Abyss:3)
  A rime drake (Lair:3)
  4 kobold demonologists
  2 tengu conjurers
  2 efreet
  11 komodo dragons
  An ice devil (Abyss:3)
  2 ancient zymes (Abyss:3)
  29 yaktaurs
  A freezing wraith (D:13)
  4 red devils (D:13)
  20 merfolk
  A spriggan skeleton (Depths:1)
  9 trolls
  A meliai (D:13)
  9 wind drakes
  9 polar bears (Lair:5)
  A troll (shapeshifter) (Elf:1)
  9 raiju
  A hornet (D:9)
  Prince Ribbit (D:7)
  29 dream sheep
  A tarantella (shapeshifter) (D:13)
  16 blink frogs
  50 slime creatures
  7 snapping turtles
  9 water elementals
  A spriggan (shapeshifter) (Elf:2)
  A flying skull (Abyss:3)
  3 air elementals
  3 wraiths (Shoals:1)
  39 yaks
  6 basilisks
  2 vampires
  4 wyverns
  2 neqoxecs (Abyss:3)
  8 fire elementals
  A redback (Vaults:3)
  A steam dragon (D:9)
  20 vampire mosquitoes
  8 wargs
  30 nagas
  3 acid dragons
  3 small abominations (Abyss:3)
  7 water moccasins
  2 glowing shapeshifter skeletons (Vaults:3)
  2 ice beasts
  17 hell hounds
  A swamp drake (Orc:1)
  26 orc warriors
  36 ogres
  18 black bears
  28 wolves
  A lemure (D:8)
  8 bullfrogs
  3 kobold brigands
  2 scorpions
  2 earth elementals (Elf:1)
  A gnoll sergeant (D:8)
  A glowing shapeshifter simulacrum (Depths:1)
  18 wights
  16 killer bees
  8 wolf zombies (Bailey)
  6 howler monkeys
  2 electric eels (D:8)
  7 vampire bats (Bailey)
  A crimson imp (Orc:1)
  A human simulacrum (Vaults:3)
  5 hounds
  3 jellies
  3 quasits
  14 orc priests
  5 iguanas
  An iron imp (Orc:1)
  A gnoll bouda (D:9)
  Natasha (thrice) (D:2)
  3 sleepcaps
  27 orc wizards
  7 gnolls
  8 adders
  6 shadow imps
  3 white imps
  4 ufetubi
  2 dart slugs
  73 orcs
  7 ball pythons
  9 endoplasms
  3 giant cockroaches
  5 hobgoblins
  2 jackals (D:4)
  10 kobolds
  5 quokkas
  6 bats
  5 frilled lizards
  8 goblins
  18 orc zombies (Bailey)
  8 rats
  2 butterflies (Lair:1)
  A lurking horror (Abyss:3)
  2 spectral weapons (Vaults:1)
1589 creatures vanquished.

Vanquished Creatures (collateral kills)
  A revenant (Vaults:3)
  2 nagarajas (Snake:4)
  A deep elf sorcerer (Elf:1)
  2 vault wardens
  The ghost of Farlane the Bludgeoner, a journeyman DsFi of Trog (Shoals:3)
  2 deep elf elementalists (Elf:3)
  2 ironbound preservers
  2 very ugly things
  An ironbound thunderhulk (Vaults:3)
  2 deep elf demonologists (Elf:3)
  A dire elephant (Vaults:2)
  3 deep elf annihilators (Elf:3)
  2 merfolk impalers (Shoals:4)
  2 deep elf high priests (Elf:3)
  2 vault guards
  A great orb of eyes (Vaults:1)
  A merfolk avatar (Shoals:2)
  A salamander tyrant (Snake:4)
  A centaur warrior (D:13)
  A death yak (Lair:2)
  A merfolk aquamancer (Shoals:4)
  A two-headed ogre (Orc:2)
  A naga warrior (Snake:4)
  A vampire mage (Vaults:3)
  A tengu warrior (Depths:1)
  A thrashing horror (Abyss:3)
  2 naga sharpshooters (Snake:4)
  A skeletal warrior (Vaults:3)
  An iron troll (Depths:1)
  3 sea snakes
  2 deep trolls
  A naga ritualist (Snake:4)
  4 harpies
  An ironbound convoker (Vaults:2)
  4 deep elf archers (Elf:1)
  A lindwurm (Vaults:2)
  An ugly thing (Vaults:3)
  A cyclops (Shoals:4)
  5 deep elf pyromancers
  5 deep elf zephyrmancers (Elf:1)
  5 fauns
  A mana viper (Snake:4)
  A salamander (Snake:4)
  A black mamba (Snake:4)
  A vault sentinel (Vaults:2)
  A naga mage (Snake:1)
  A merfolk siren (Shoals:4)
  2 water nymphs
  2 yaktaurs (Vaults:3)
  A troll (Orc:2)
  5 merfolk
  A meliai (shapeshifter) (D:13)
  A blink frog (Lair:2)
  2 wind drakes
  A large abomination (Abyss:3)
  4 slime creatures
  4 yaks (Lair:2)
  3 nagas
  A starcursed mass (Abyss:3)
  An ufetubus (Abyss:3)
108 creatures vanquished.

Vanquished Creatures (others)
  A deep elf annihilator (Elf:3)
  A deep elf knight (Elf:2)
  2 deep elf zephyrmancers (Elf:1)
  An orc wizard (D:11)
  A shadow imp (Orc:1)
  An ufetubus (Abyss:3)
  An orc (Depths:1)
  6 demonic plants (D:4)
  27 fungi
  90 plants
131 creatures vanquished.

Grand Total: 1828 creatures vanquished

Notes
Turn   | Place    | Note
-------+----------+-------------------------------------------
     0 | D:1      | LLlMATKO the Minotaur Berserker began the quest for the
                  | Orb.
     0 | D:1      | Reached XP level 1. HP: 19/19 MP: 0/0
    77 | D:1      | Reached XP level 2. HP: 24/27 MP: 1/1
   509 | D:1      | Reached skill level 3 in Armour
   696 | D:1      | Found a faded altar of an unknown god.
   776 | D:2      | Reached XP level 3. HP: 31/33 MP: 2/2
   853 | D:2      | Reached ** piety under Trog
   885 | D:2      | Noticed Natasha
   900 | D:2      | Killed Natasha
  1131 | D:2      | Noticed Natasha
  1135 | D:2      | Killed Natasha
  1136 | D:2      | Reached XP level 4. HP: 41/41 MP: 3/3
  1160 | D:2      | Noticed Natasha
  1167 | D:2      | Killed Natasha
  1650 | D:3      | Reached XP level 5. HP: 27/47 MP: 2/4
  1730 | D:3      | Found Enaovvuge's Jewellery Shop.
  1882 | D:3      | Noticed a black bear
  1891 | D:3      | Killed a black bear
  1892 | D:3      | Reached skill level 5 in Fighting
  1892 | D:3      | Reached skill level 5 in Axes
  1892 | D:3      | Reached skill level 4 in Armour
  2151 | D:4      | Reached XP level 6. HP: 46/56 MP: 3/5
  2324 | D:4      | Reached *** piety under Trog
  2523 | D:4      | Reached skill level 5 in Armour
  2523 | D:4      | Reached XP level 7. HP: 53/62 MP: 4/6
  2870 | D:5      | Entered Level 5 of the Dungeon
  3015 | D:5      | Reached skill level 5 in Dodging
  3081 | D:5      | Found a sparkling altar of Nemelex Xobeh.
  3748 | D:5      | Found a radiant altar of Vehumet.
  3754 | D:5      | Reached skill level 6 in Armour
  3754 | D:5      | Reached XP level 8. HP: 71/71 MP: 4/7
  3915 | D:5      | Found a hazy altar of Hepliaklqana.
  4577 | D:6      | Found a staircase to the Ecumenical Temple.
  4591 | D:6      | Reached skill level 7 in Armour
  5018 | D:7      | Reached XP level 9. HP: 64/81 MP: 8/8
  5119 | D:7      | Noticed Prince Ribbit
  5135 | D:7      | Found a flagged portal.
  5153 | D:7      | Reached **** piety under Trog
  5161 | Bailey   | Entered a bailey
  5570 | Bailey   | Noticed a gargoyle
  5597 | Bailey   | Killed a gargoyle
  5598 | Bailey   | Reached skill level 8 in Armour
  6157 | D:7      | Found Cicrah's Jewellery Shoppe.
  6185 | D:7      | Killed Prince Ribbit
  6584 | D:8      | Reached ***** piety under Trog
  6598 | D:8      | Reached XP level 10. HP: 67/91 MP: 7/9
  6605 | D:8      | Reached skill level 9 in Armour
  7246 | D:8      | Noticed a two-headed ogre
  7251 | D:8      | Killed a two-headed ogre
  7252 | D:8      | Reached skill level 10 in Fighting
  7252 | D:8      | Reached skill level 10 in Axes
  7409 | D:8      | Noticed Pikel
  7420 | D:8      | Killed Pikel
  7421 | D:8      | Reached skill level 10 in Armour
  8548 | D:9      | Received a gift from Trog
  8626 | D:9      | Found Xiehusk's General Store.
  8651 | D:10     | Entered Level 10 of the Dungeon
  8701 | D:10     | Reached XP level 11. HP: 85/101 MP: 7/10
  9013 | D:10     | Reached skill level 10 in Dodging
  9128 | D:10     | Found a staircase to the Orcish Mines.
  9131 | D:10     | Found a glowing silver altar of Zin.
  9211 | D:10     | Identified the +5 arbalest of the Bear {heavy, Will+ rCorr}
  9251 | D:10     | Found a staircase to the Lair.
  9345 | D:10     | Noticed a two-headed ogre
  9349 | D:10     | Killed a two-headed ogre
  9354 | D:10     | Reached skill level 11 in Armour
  9510 | D:11     | Noticed a two-headed ogre
  9512 | D:11     | Killed a two-headed ogre
  9595 | Lair:1   | Entered Level 1 of the Lair of Beasts
 10434 | Lair:2   | Noticed a skyshark
 10447 | Lair:2   | Killed a skyshark
 10448 | Lair:2   | Reached skill level 12 in Armour
 10448 | Lair:2   | Reached XP level 12. HP: 67/113 MP: 3/11
 10576 | Lair:2   | Noticed a death yak
 10577 | Lair:2   | Noticed a death yak
 10578 | Lair:2   | Noticed a death yak
 10596 | Lair:2   | Killed a death yak
 10656 | Lair:2   | Killed a death yak
 10657 | Lair:2   | Noticed a death yak
 10662 | Lair:2   | Killed a death yak
 10666 | Lair:2   | Killed a death yak
 10746 | Lair:2   | Found a gate leading to a gauntlet.
 10760 | Gauntlet | Entered a Gauntlet
 10760 | Gauntlet | Noticed a death scarab
 10760 | Gauntlet | Found a transporter.
 10760 | Gauntlet | Found a transporter.
 10760 | Gauntlet | Found a transporter.
 10763 | Gauntlet | Noticed a reaper
 10764 | Gauntlet | Found a transporter.
 10770 | Gauntlet | Noticed a death yak
 10770 | Gauntlet | Noticed a death yak
 10771 | Gauntlet | Noticed a death yak
 10772 | Gauntlet | Noticed a death yak
 10777 | Gauntlet | Found a transporter.
 10777 | Gauntlet | Found a transporter.
 10789 | Gauntlet | Noticed a death yak
 10789 | Gauntlet | Noticed a death yak
 10794 | Gauntlet | Found a transporter.
 10800 | Gauntlet | Found a transporter.
 10822 | Gauntlet | Found a transporter.
 10879 | Gauntlet | Found a transporter.
 10884 | Gauntlet | Found a transporter.
 10899 | Gauntlet | Found a transporter.
 10969 | Gauntlet | Killed a reaper
 10982 | Gauntlet | Identified the ring "Teposhroi" {Str+6 Int+4 Dex+3}
 11097 | Gauntlet | Killed a death yak
 11097 | Gauntlet | Killed a death yak
 11099 | Gauntlet | Killed a death yak
 11100 | Gauntlet | Reached skill level 13 in Armour
 11104 | Gauntlet | Killed a death yak
 11111 | Gauntlet | Killed a death yak
 11116 | Gauntlet | Killed a death yak
 11142 | Gauntlet | Identified the ring of Doors {*Corrode Fly rF+ SInv}
 11164 | Gauntlet | Noticed a minotaur
 11174 | Gauntlet | Killed a minotaur
 11456 | Lair:2   | Reached XP level 13. HP: 99/123 MP: 9/12
 12379 | Lair:3   | Found a staircase to the Snake Pit.
 12508 | Lair:3   | Identified the +4 leather armour "Poplyor" {Drain Regen+
                  | Str+3}
 12543 | Lair:3   | You are sucked into a shaft and drop 2 floors!
 12543 | Lair:5   | Entered Level 5 of the Lair of Beasts
 12697 | Lair:5   | Reached skill level 14 in Armour
 13262 | Lair:3   | Received a gift from Trog
 13704 | Lair:4   | Found a staircase to the Slime Pits.
 13704 | Lair:4   | Found a viscous altar of Jiyva.
 13793 | Lair:4   | Reached skill level 15 in Fighting
 13948 | Lair:4   | Reached skill level 15 in Axes
 14788 | Lair:5   | Reached XP level 14. HP: 135/135 MP: 13/13
 15395 | Lair:5   | Reached skill level 15 in Armour
 15395 | Lair:5   | Received a gift from Trog
 16145 | D:11     | Found an ornate altar of the Wu Jian Council.
 16203 | D:11     | Identified the +4 ring mail of Nifuhur {Drain rElec rF++
                  | rCorr}
 16928 | D:11     | Noticed a storm dragon
 16931 | D:11     | Identified the +8 scimitar of the Volcano {chaos, *Noise
                  | Will- Int+2 Dex+9}
 17060 | D:11     | Killed a storm dragon
 17548 | D:11     | Received a gift from Trog
 17901 | D:3      | Bought the ring of Hungud {rPois Str+3 Int+6 SInv} for 634
                  | gold pieces
 18064 | D:12     | Found Ciho's Self-Improvement Boutique.
 18256 | D:12     | Found a portal to a secret trove of treasure.
 18706 | D:13     | Reached skill level 16 in Armour
 18736 | D:13     | Found a gate to the Vaults.
 18762 | D:13     | Reached XP level 15. HP: 145/145 MP: 10/14
 18763 | D:13     | Reached skill level 15 in Dodging
 18957 | D:13     | Identified the +1 robe of Hotong {-Tele rPois rF+++
                  | Archmagi}
 19396 | D:14     | Identified the +1 hand axe of the Rattlesnake {heavy, *Rage
                  | rPois rF+++}
 19608 | D:14     | Found a white marble altar of Elyvilon.
 20078 | D:14     | Received a gift from Trog
 20618 | D:14     | Identified the +6 spear "Irchuq" {freeze, rElec rPois}
 20843 | Orc:1    | Entered Level 1 of the Orcish Mines
 20986 | Orc:1    | Found Yseab's Magic Scroll Emporium.
 21042 | Orc:2    | Entered Level 2 of the Orcish Mines
 21087 | Orc:2    | Reached skill level 17 in Armour
 21087 | Orc:2    | Reached XP level 16. HP: 111/155 MP: 13/15
 21189 | Orc:2    | Found a staircase to the Elven Halls.
 21453 | Orc:1    | Received a gift from Trog
 22115 | Orc:2    | Found Ompeuzi's Antique Armour Shop.
 22115 | Orc:2    | Found Qicyzics's General Store.
 22116 | Orc:2    | Found Saufewiwk's Antique Weapon Emporium.
 22116 | Orc:2    | Found Tetom's Magic Scroll Shop.
 22163 | Orc:2    | Bought a pearl-studded plate armour for 588 gold pieces
 22163 | Orc:2    | Identified the +0 plate armour of Parts Unknown {Regen+}
                  | (You bought it in a shop on level 2 of the Orcish Mines)
 22616 | Orc:2    | Identified the +5 chain mail of Yqel {*Slow +Blink Will-
                  | Regen+}
 22646 | Orc:2    | Reached XP level 17. HP: 163/163 MP: 16/16
 22986 | Orc:2    | Found Qicyzics's General Store.
 22986 | Orc:2    | Found Ompeuzi's Antique Armour Shop.
 22987 | Orc:2    | Found Tetom's Magic Scroll Shop.
 22987 | Orc:2    | Found Saufewiwk's Antique Weapon Emporium.
 23098 | Orc:2    | Found a staircase to the Elven Halls.
 23276 | Orc:2    | Bought a pair of embroidered gloves for 157 gold pieces
 23376 | D:15     | Entered Level 15 of the Dungeon
 23376 | D:15     | Identified a scroll of acquirement
 23382 | D:15     | Received a gift from Trog
 23401 | D:15     | Identified the +1 ring mail of Shadows and Fog {Rampage
                  | Int+3}
 23739 | D:15     | Noticed Azrael
 23767 | D:15     | Killed Azrael
 24021 | D:15     | Reached skill level 18 in Armour
 24100 | D:15     | Found a staircase to the Depths.
 24501 | D:15     | Found Goim's Superior Scales.
 24864 | Shoals:1 | Entered Level 1 of the Shoals
 24864 | Shoals:1 | Noticed Josephine
 24864 | Shoals:1 | Found the +16 obsidian axe {drain, demonic, Mesm Drain Fly
                  | SInv}
 24872 | Shoals:1 | Noticed Donald
 24873 | Shoals:1 | Killed Josephine
 24880 | Shoals:1 | Killed Donald
 26445 | Shoals:2 | Noticed Frances
 26449 | Shoals:2 | Killed Frances
 26997 | Shoals:2 | Received a gift from Trog
 27358 | Shoals:3 | Found a transporter.
 27366 | Shoals:3 | Identified the amulet "Plog" {Spirit rC+ Will+ Int+6 Dex-2}
 27367 | Shoals:3 | Noticed Farlane's ghost (journeyman DsFi)
 27402 | Shoals:3 | Found a bloodstained altar of Trog.
 27531 | Shoals:3 | Found a transporter.
 27548 | Shoals:3 | Found Kuddoh's Armour Emporium.
 28071 | Shoals:4 | Entered Level 4 of the Shoals
 28072 | Shoals:4 | Acquired a manual of Armour
 28247 | Shoals:4 | Reached skill level 19 in Armour
 29163 | Shoals:4 | Noticed Polyphemus
 29175 | Shoals:4 | Killed Polyphemus
 29176 | Shoals:4 | Reached XP level 18. HP: 125/176 MP: 12/17
 29324 | Shoals:4 | Reached ****** piety under Trog
 29605 | Shoals:4 | Got a barnacled rune of Zot
 29797 | Shoals:4 | Identified the staff of earth "Yssugo" {rElec Dex+5}
 29835 | Shoals:4 | Received a gift from Trog
 29968 | Shoals:4 | Noticed Bai Suzhen
 29980 | Shoals:4 | Killed Bai Suzhen
 29981 | Shoals:4 | Reached skill level 20 in Armour
 30361 | Shoals:4 | Noticed Mara
 30365 | Shoals:4 | Noticed LLlMATKO's illusion
 30371 | Shoals:4 | Killed Mara
 30648 | Shoals:4 | Identified the staff of cold "Faann" {rC+ Dex+3 SInv}
 30668 | Shoals:4 | Found Qetewuaq's Distillery.
 31507 | Snake:1  | Entered Level 1 of the Snake Pit
 32638 | Snake:1  | Identified the +9 sling of Awkwardness {drain, rN++ Dex-3}
 32969 | Snake:2  | Identified Roxanne's Directory of the Volcano
 32969 | Snake:2  | Noticed Roxanne
 33177 | Snake:2  | Noticed Vashnia
 33185 | Snake:2  | Killed Vashnia
 33191 | Snake:2  | Reached skill level 21 in Armour
 33871 | Snake:2  | Killed Roxanne
 34080 | Snake:3  | Noticed Louise
 34092 | Snake:3  | Killed Louise
 34261 | Snake:3  | Found Tapsonal's Antique Weapon Emporium.
 34415 | Snake:3  | Found Logunn's Weapon Emporium.
 34439 | Snake:3  | Found Xaacumuutt's Weapon Boutique.
 34622 | Snake:3  | Found Nasileci's Book Boutique.
 34688 | Snake:3  | Noticed Aizul
 34694 | Snake:3  | Killed Aizul
 34726 | Snake:3  | Found Guow's Weapon Boutique.
 34979 | Snake:3  | Reached skill level 1 in Shields
 35530 | Snake:4  | Entered Level 4 of the Snake Pit
 36491 | Snake:4  | Reached XP level 19. HP: 171/187 MP: 16/18
 37031 | Snake:4  | Received a gift from Trog
 37037 | Snake:4  | Reached skill level 22 in Armour
 37365 | Snake:4  | Got a serpentine rune of Zot
 38541 | Elf:1    | Entered Level 1 of the Elven Halls
 38545 | Elf:1    | Reached skill level 5 in Shields
 38560 | Elf:1    | Paralysed by an air elemental for 1 turns
 38677 | Elf:1    | Identified the +9 battleaxe of Twilight {flame, rPois}
                  | (Trog gifted it to you on level 1 of the Elven Halls)
 38677 | Elf:1    | Received a gift from Trog
 38803 | Vaults:1 | Entered Level 1 of the Vaults
 40002 | Elf:1    | Found Tinnum's Book Shoppe.
 40002 | Elf:1    | Found Plog's Jewellery Boutique.
 40004 | Elf:1    | Found Ateat's Jewellery Boutique.
 40246 | Vaults:1 | Noticed Faydane's ghost (veteran HuFi)
 40248 | Vaults:1 | Found a transporter.
 40251 | Vaults:1 | Found a transporter.
 40394 | Vaults:1 | Received a gift from Trog
 40626 | Vaults:1 | Reached skill level 23 in Armour
 40733 | Vaults:1 | Noticed Asterion
 40742 | Vaults:1 | Killed Asterion
 41413 | Vaults:1 | Noticed Zenata
 41431 | Vaults:1 | Killed Zenata
 42052 | Shoals:3 | Killed Farlane's ghost
 42444 | Vaults:2 | Reached XP level 20. HP: 198/198 MP: 19/19
 43159 | Vaults:2 | Received a gift from Trog
 43194 | Vaults:2 | Noticed Boris
 43202 | Vaults:2 | Killed Boris
 43361 | Vaults:2 | Paralysed by a great orb of eyes for 3 turns
 44134 | Vaults:3 | Noticed Boris
 44146 | Vaults:3 | Killed Boris
 44348 | Vaults:3 | Found Seumys's Assorted Antiques.
 44575 | Vaults:3 | Bought a scroll of magic mapping for 300 gold pieces
 44591 | Vaults:3 | Found a staircase to the Crypt.
 45129 | Vaults:3 | Received a gift from Trog
 45429 | Vaults:3 | Found Cunef's General Store.
 45586 | Vaults:3 | Reached skill level 10 in Shields
 46096 | Vaults:4 | Reached skill level 24 in Armour
 46411 | Vaults:4 | Found Vecug's Assorted Antiques.
 46455 | Vaults:4 | Reached XP level 21. HP: 88/199 MP: 6/20
 46962 | Vaults:4 | Received a gift from Trog
 47010 | Vaults:4 | Found Duokoq's General Store.
 47059 | Vaults:4 | Found Zipn's General Store.
 47280 | Vaults:4 | Found Rexukh's Antique Weapon Shoppe.
 48189 | Elf:2    | Found Puarunn's Distillery.
 48200 | Elf:2    | Identified the +8 war axe of Hatred {flame, Str+2} (Trog
                  | gifted it to you on level 2 of the Elven Halls)
 48200 | Elf:2    | Received a gift from Trog
 48535 | Elf:2    | Identified the +2 pair of gloves of the Zebra {*Slow rF+
                  | Will++ Str+4}
 48964 | Elf:2    | Noticed Agnes
 48971 | Elf:2    | Killed Agnes
 49051 | Elf:2    | Found a runed translucent gate.
 49052 | Elf:2    | Found a runed translucent gate.
 49052 | Elf:2    | Found a runed translucent gate.
 49081 | Elf:2    | Received a gift from Trog
 49174 | Abyss:3  | Found a corrupted altar of Lugonu.
 49174 | Abyss:3  | Found a corrupted altar of Lugonu.
 49174 | Abyss:3  | Cast into level 3 of the Abyss (+7 bardiche of distortion)
 49307 | Abyss:3  | Found a corrupted altar of Lugonu.
 49499 | Abyss:3  | Gained mutation: You are dopey. (Int -2) [a neqoxec]
 49499 | Abyss:3  | Gained mutation: You are vulnerable to heat. (rF-) [a
                  | neqoxec]
 49550 | Elf:2    | Escaped the Abyss
 50149 | Elf:2    | Identified the +6 hand axe of Demand {flame, rF+ Stlth+}
                  | (Trog gifted it to you on level 2 of the Elven Halls)
 50149 | Elf:2    | Received a gift from Trog
 50161 | Elf:2    | Noticed Jorgrun
 50170 | Elf:2    | Killed Jorgrun
 50670 | Elf:2    | Found Puarunn's Distillery.
 51309 | Elf:2    | Found Puarunn's Distillery.
 51402 | Elf:3    | Entered Level 3 of the Elven Halls
 51404 | Elf:3    | Paralysed by an air elemental for 1 turns
 51406 | Elf:3    | Paralysed by an air elemental for 1 turns
 51658 | Elf:3    | Reached XP level 22. HP: 128/220 MP: 15/21
 52057 | Elf:3    | Found a gateway to a bazaar.
 52069 | Bazaar   | Entered a bazaar
 52071 | Bazaar   | Found Ytosyrr's Assorted Antiques.
 52075 | Bazaar   | Found Guosoi's Assorted Antiques.
 52075 | Bazaar   | Found Vecwuer's Magic Scroll Boutique.
 52076 | Bazaar   | Found Ojelom's Assorted Antiques.
 52081 | Bazaar   | Bought a scroll of magic mapping for 82 gold pieces
 52086 | Bazaar   | Bought a pair of embroidered boots for 292 gold pieces
 52119 | Elf:3    | Paralysed by an air elemental for 1 turns
 52121 | Elf:3    | Received a gift from Trog
 52860 | Elf:3    | Identified the +6 falchion of Massacring {protect, rF+}
 52864 | Elf:3    | Identified the +0 flail of the Spider Nest {vamp, Str+3}
 52864 | Elf:3    | Identified the amulet "Gytuhoesk" {Faith Str+3}
 52883 | Elf:3    | Reached skill level 25 in Armour
 53044 | Elf:3    | Identified the +9 dagger of Nent {freeze, Drain rPois rN+}
 53062 | Elf:3    | Identified the +1 mace "Qemo" {drain, rF++}
 53190 | Elf:3    | Identified the +12 quarterstaff "Hutis" {drain, Str+2}
 53463 | Elf:3    | Identified the +7 tower shield of Intercession {Str+2}
 53464 | Elf:3    | Identified the staff of conjuration "Qejil" {rCorr Stlth+}
 53844 | Depths:1 | Entered Level 1 of the Depths
 53859 | Depths:1 | Noticed Boris
 53877 | Depths:1 | Killed Boris
 53941 | Depths:1 | Noticed Saint Roka
 53962 | Depths:1 | Killed Saint Roka
 54232 | Vaults:1 | Received a gift from Trog
 54237 | Vaults:1 | Killed Faydane's ghost
 54527 | Vaults:1 | Identified the +5 dire flail of Prudence {flame, +Blink
                  | rN+}
 54661 | Vaults:5 | Entered Level 5 of the Vaults
 54672 | Vaults:5 | Noticed Margery
 54685 | Vaults:5 | Identified the +9 short sword of the Forest {flame, Dex+7}
 54695 | Vaults:5 | Noticed a dread lich
 54702 | Vaults:5 | HP: 13/333 [something (6)]
 54704 | Vaults:5 | Shot with a bolt by a yaktaur captain

Illustrated notes

Levels and vault maps discovered:
D:1:      tarquinn_simple_flora_water_d, layout_basic,
          shapermc_ecumenical_altar_mp_vishouse, minmay_pentomino_v2
D:2:      layout_basic, guppyfry_early_lair_pool, uniq_natasha
D:3:      layout_rooms, serial_shops, shop
D:4:      layout_rooms, serial_demonic, serial_demonic_c, serial_demonic_g,
          serial_demonic_e, serial_demonic_d
D:5:      layout_loops_ring, nemelex_dance_club_becter,
          mainiacjoe_overflow_swirl
D:6:      layout_loops_ring, temple_green, minmay_small_thing
D:7:      layout_basic, serial_shops, shop, enter_bailey_5, uniq_prince_ribbit1
D:8:      layout_cave_pods, minivault_14, uniq_pikel
D:9:      layout_roguey, serial_shops, shop,
          hangedman_abyss_or_decor_lesser_grid
D:10:     layout_irregular_city, kennysheep_mini,
          grunt_lair_entry_orc_guard_hut, orc_0_dummy
D:11:     nzn_winding_woodlands_stair_cross
          [nzn_winding_woodlands_5x15_split_checker,
          nzn_winding_woodlands_center_diamonds,
          nzn_winding_woodlands_5x15_pool, nzn_winding_woodlands_hourglass,
          nzn_winding_woodlands_5x5_three, nzn_winding_woodlands_5x15_crooked,
          nzn_winding_woodlands_center_triple_pond,
          nzn_winding_woodlands_5x15_jagged], layout_basic,
          nicolae_wu_jian_immortal_techniques
D:12:     layout_rooms, nicolae_trove_entry_isolated, nicolae_shop_self_help
D:13:     layout_rooms, lightli_vaults_fourway_checkpoint,
          einodemon_armed_red_devil_minivault
D:14:     layout_roguey, nicolae_elyvilon_temple_path
D:15:     hangedman_depths_entry_try_elsewhere_first, layout_cave_pods,
          hellmonk_scale_shop, uniq_azrael
Lair:1:   layout_regular_city, beast_lair_carwin_4, grunt_megastairs_4,
          lemuel_fruit_fields, lemuel_fruit_tree
Lair:2:   layout_concentric_octagons, nicolae_shoals_entry_flooding,
          gauntlet_entry_generic
Lair:3:   layout_cave_pods, minmay_snake_entry_guardpost_medium
Lair:4:   layout_regular_city, minmay_slime_entry_pillars, beast_lair_carwin_3
Lair:5:   hangedman_lair_caniforms_friends, layout_gridlike, serial_forest,
          infiniplex_forest_straight_2, infiniplex_forest_lined_room_2,
          infiniplex_forest_clump_tiny, infiniplex_forest_lined_3_way,
          infiniplex_forest_end_3, infiniplex_forest_clump_cross
Shoals:1: layout_shoals, uniq_donald, uniq_josephine
Shoals:2: layout_shoals, uniq_frances
Shoals:3: layout_shoals, gammafunk_ghost_wrathful_warriors, serial_shops, shop
Shoals:4: shoals_end_simple, layout_shoals, serial_shops,
          nicolae_shop_tiny_statue_garden,
          nicolae_shoals_beach_house_on_fowls_legs, uniq_bai_suzhen,
          uniq_polyphemus, uniq_mara
Snake:1:  layout_chambers, grunt_megastairs_5
Snake:2:  layout_misc_corridors, uniq_vashnia, uniq_roxanne
Snake:3:  layout_layer_cave, serial_shops, nicolae_shop_tiny_real_fake_doors,
          nicolae_shop_overgrown_old_shop, nicolae_shop_hallway_plus, shop,
          nicolae_shop_waterfront, nicolae_snake_slithery_corners, uniq_aizul,
          uniq_louise
Snake:4:  grunt_snake_rune_serpentine_throne, layout_cave_town,
          portal_ice_cave_entry_pillars_1, grunt_megastairs_1,
          serial_bayou_shore_a
Orc:1:    layout_caves, basic_altar, serial_shops, nicolae_shop_rolled_up,
          hangedman_minor_magic
Orc:2:    st_orc_ogre_mass, layout_diamond_mine, nicolae_orc_rockfall,
          hellmonk_bongcloud_opening, elf_legates
Elf:1:    elf_arrival_002, layout_loops_ring, minmay_elf_annihilation,
          minmay_shop_grove
Elf:2:    nicolae_elf_blades_crystal_corner, layout_geoelf_octagon,
          serial_shops, shop, moated_statue, nicolae_elf_big_sculpture_3,
          uniq_jorgrun, uniq_agnes
Elf:3:    minmay_elf_hall_x, layout_rooms, serial_shops, bzr_entry_water
Vaults:1: gammafunk_ghost_arena, nicolae_vaults_prndl, ontoclasm_vaults_bender,
          nicolae_vaults_octothorpe, v_misc_12, v_misc_17,
          nicolae_vaults_network_periphery, nicolae_vaults_trapezoid_lopsided_1,
          nicolae_vaults_ninety_degrees, ontoclasm_vaults_idyll, v_misc_31,
          ontoclasm_vaults_fault, ontoclasm_vaults_chip,
          nicolae_vaults_stepped_doors, layout_vaults_big_cross, uniq_zenata,
          uniq_asterion
Vaults:2: hangedman_vaults_nodes, nicolae_vaults_network_quinsquares
          [nicolae_vaults_network_quincunx_subvault,
          nicolae_vaults_network_quincunx_subvault,
          nicolae_vaults_network_quincunx_subvault,
          nicolae_vaults_network_quincunx_subvault], nicolae_vaults_alarming,
          ontoclasm_vaults_tryst, serial_ice_b, hangedman_vaults_slice,
          v_misc_18, hangedman_vaults_capsules, nicolae_vaults_trapezoid_1,
          vaults_room_guarded_vault, nicolae_vaults_tetromino_T_2,
          layout_vaults_omnigrid, uniq_boris
Vaults:3: vaults_room_corners, minmay_crypt_entry_simple_statues,
          nicolae_vaults_wrenched, v_alt_pattern_4,
          nicolae_vaults_murder_corner, hangedman_vaults_river_flow,
          vaults_dpeg_spiral, nicolae_vaults_rhombus_7,
          layout_vaults_chaotic_city, serial_shops, nicolae_shop_behind_doors,
          shop
Vaults:4: v_misc_25, nicolae_vaults_little_squares_6,
          nicolae_vaults_sesquioval_fish, v_misc_16, nicolae_vaults_mitosis,
          nicolae_vaults_angled_halls, v_rooms_5,
          nicolae_vaults_little_squares_4, hangedman_vaults_stretched_pinwheel,
          nicolae_vaults_border_crossing, vaults_standard_mumra_lines,
          hangedman_vaults_snaps, layout_vaults_omnibox, serial_shops,
          nicolae_square_shop, shop_fountains, shop, nicolae_shop_peninsula
Vaults:5: serial_shops, uniq_sojobo, uniq_margery, uniq_frederick
Depths:1: layout_big_octagon, pf_coc_iceberg,
          nicolae_concentric_dashed_squares_wild, xom_teletrap_fun,
          kennysheep_random_hallway, uniq_saint_roka

Skill      XL: |  1  2  3  4  5  6  7  8  9 10 11 12 13 14 15 16 17 18 19 20 21 22 |
---------------+-------------------------------------------------------------------+-----
Fighting       | 4 5 6 8 9 10 12 13 15 16 17 18 19 20 21 22 23 24 | 24.0
Axes           | 4 5 6 7 9 10 12 13 15 16 17 18 19 20 21 22 23 | 23.9
Armour         | 3 4 5 6 7 8 10 12 13 14 16 17 19 21 23 24 25 | 25.5
Dodging        | 3 4 5 6 8 9 11 12 13 14 15 16 17 18 19 20 21 22 | 22.0
Shields        | 3 7 10 12 14 | 14.2

Action                     |  1- 3 |  4- 6 |  7- 9 | 10-12 | 13-15 | 16-18 | 19-21 | 22-24 || total
---------------------------+-------+-------+-------+-------+-------+-------+-------+-------++-------
  Melee: Hand axe          |    85 |    90 |   320 |    10 |       |       |       |       ||   505
         Headbutt          |     4 |    22 |    62 |    80 |   179 |   189 |   239 |    50 ||   825
         Punch             |     1 |       |     5 |     1 |       |       |       |       ||     7
         Battleaxe         |       |       |       |   285 |       |       |       |       ||   285
         War axe           |       |       |       |    21 |   717 |   271 |       |       ||  1009
         Broad axe         |       |       |       |       |       |   581 |  1000 |   245 ||  1826
  Throw: Dart              |       |       |     1 |     2 |    17 |       |     1 |       ||    21
 Invoke: Berserk           |     1 |     2 |     8 |     8 |     7 |    10 |    10 |     5 ||    51
         Trog's Hand       |       |       |     1 |     7 |     2 |     9 |    16 |     6 ||    41
         Brothers in Arms  |       |       |       |     3 |     1 |     3 |     4 |     1 ||    12
    Use: Scroll            |       |       |     9 |     4 |    15 |    10 |     3 |       ||    41
         Potion            |       |       |       |       |     1 |     1 |     2 |       ||     4
   Stab: Petrifying        |       |       |       |       |     2 |       |       |       ||     2
         Petrified         |       |       |       |       |     2 |       |       |       ||     2
         Distracted        |       |       |       |       |       |     7 |    13 |     3 ||    23
 Armour: Animal skin       |     2 |       |       |       |       |       |       |       ||     2
         Scale mail        |    25 |    24 |       |       |       |       |       |       ||    49
         Ring mail         |     4 |       |       |       |       |       |       |       ||     4
         Chain mail        |       |    28 |    19 |       |       |       |       |       ||    47
         Plate armour      |       |       |   201 |   169 |   384 |   374 |   414 |    92 ||  1634
  Dodge: Dodged            |    55 |    57 |   160 |   183 |   374 |   496 |   471 |    86 ||  1882
  Block: Buckler           |       |       |       |     5 |   139 |    54 |       |       ||   198
         Reflection        |       |       |       |       |     6 |    24 |    73 |     6 ||   109
         Kite shield       |       |       |       |       |       |   167 |   431 |    42 ||   640
         Tower shield      |       |       |       |       |       |       |       |   129 ||   129
